AoeStats
← Malelf

Marketplace

506931824Analyzed
1v1 RM · 16d ago on Sep 15, 2026· 32m 11s· 2 players
Game mode
Random Map
Map size
Tiny (2 player)
Population
200
Speed
Normal
Resources
Standard
Victory
Conquest
Starting age
Dark Age
Ending age
Imperial Age
RankedLock teamsTeams togetherTeam positionsShared explorationLock speedFull tech treeHidden civsTurbo modeCheats
Victory
Defeat
🇮🇹 Shu · Italy
1651
+15
🇬🇧 Inca · United Kingdom
1629
-15
J0N-PERKiNS
5:30 Loom
8:23 Feudal Age
6:39 Loom
15:06 Double-Bit Axe
15:59 Fletching
20:47 Castle Age
18:50 Champi Runner
20:31 Scale Mail Armor
20:53 Champi Warrior
22:05 Squires
22:25 Horse Collar
25:57 Chain Mail Armor
28:40 Arson
29:57 Forging
Malelf
7:50 Loom
10:48 Feudal Age
11:35 Double-Bit Axe
11:53 Horse Collar
14:47 Fletching
20:35 Castle Age
18:59 Gold Mining
20:36 Padded Archer Armor
21:14 Wheelbarrow
20:58 Crossbowman
21:37 Bodkin Arrow
22:10 Bow Saw
22:53 Leather Archer Armor
25:09 Ballistics
25:04 Heavy Plow
32:03 Imperial Age
31:21 Hand Cart
31:12 Thumb Ring
Connection lost

Rejoining the realm…

Still unreachable

The connection could not be restored.

Session expired

The server has moved on; the page needs a fresh start.